 Dungeon Crawl Stone Soup version 0.16.0-17-g811c1d7 (webtiles) character file.

107 Antunes the Skirmisher (level 4, -4/40 HPs)
             Began as a Hill Orc Abyssal Knight on Mar 21, 2015.
             Was a Believer of Lugonu.
             Slain by an orc
             ... wielding a cursed -1 trident
              (5 damage)
             ... on level 3 of the Dungeon.
             The game lasted 00:13:39 (2296 turns).

Antunes the Skirmisher (Hill Orc Abyssal Knight)    Turns: 2296, Time: 00:13:42

Health: -4/40      AC:  5    Str: 14    XL:     4   Next: 85%
Magic:  6/6        EV: 10    Int: 12    God:    Lugonu [**....]
Gold:   154        SH:  0    Dex: 11    Spells: 0 memorised, 3 levels left

rFire  . . .     SeeInvis .     a - +1 hand axe
rCold  . . .     Clarity  .     q - +0 ring mail
rNeg   . . .     SustAb   .     (no shield)
rPois  .         Gourm    .     (no helmet)
rElec  .         Spirit   .     (no cloak)
rCorr  .         Warding  .     (no gloves)
rMut   .         Stasis   .     (no boots)
MR     .....                    (no amulet)
Stlth  +.........               (no ring)
                                (no ring)

@: slowed, very slow, not resistant to hostile enchantments, very unstealthy
A: no striking features
a: Depart the Abyss, Bend Space, Renounce Religion


You were on level 3 of the Dungeon.
You worshipped Lugonu.
Lugonu was pleased with you.
You were not hungry.

You visited 1 branch of the dungeon, and saw 4 of its levels.
You visited the Abyss 1 time.

You collected 154 gold pieces.


   Skills:
 + Level 4.1 Fighting
 + Level 3.1 Axes
 * Level 1.3 Throwing
 + Level 3.1 Armour
 + Level 1.5 Dodging
 * Level 1.0 Stealth
 * Level 3.2 Invocations


You had 3 spell levels left.
You didn't know any spells.

Dungeon Overview and Level Annotations

Branches:
Dungeon (4/15)
 Temple: D:4-7

Altars:

Inventory:

Hand weapons
 a - a +1 hand axe (weapon)
 g - a cursed -3 short sword
   (You took it off a kobold on level 1 of the Dungeon)
 o - a +0 whip
   (You took it off a kobold on level 1 of the Dungeon)
 p - a +0 morningstar
   (You took it off an orc on level 3 of the Dungeon)
Missiles
 i - 26 bolts
 k - 9 bolts of penetration
 m - 20 stones (quivered)
Armour
 b - a +0 leather armour
 q - a +0 ring mail (worn)
   (You took it off an orc on level 3 of the Dungeon)
Scrolls
 e - 2 scrolls of identify {unknown}
 f - a scroll of amnesia
 h - 7 scrolls of remove curse
Potions
 d - a potion of cure mutation {unknown}
 j - a potion of ambrosia {unknown}
 l - a potion of mutation {unknown}
 r - a potion of invisibility {unknown}
Comestibles
 c - 2 meat rations

#.##...# #.....#.# #.##.###
#..#..#.### #####....#
#..#.[#.##.
.........##############..#(......
######.....o.............#.##....
............w...ww......w........
#######.<#######o#########.###...
#)## #)# #....... ###..# #@#
####.... #....## #.# #.#.#
#.....# #.# #.... #.....#
#.######### ###.# #...).#
#.##...#.. #.# . #.....#
#.##...#.##### #.# ..# #.....##
#.##...#.....# #.# .. #......#
#.##...'..##.# #.# o #....#.##
#.##...##.##.# #..


You could see 2 worms and an orc.


Message History

The worm bites you but does no damage.
You climb downwards.
There is a stone staircase leading up here.
The orc wizard closely misses you. The orc wizard hits you with a dagger.
The orc wizard mumbles some strange words.
The orc wizard blinks!
The orc wizard hits you with a dagger.
The orc wizard hits you but does no damage.
The orc wizard hits you but does no damage.
The orc wizard casts a spell at you. The magic dart hits you!
The orc wizard hits you with a dagger.
You miss the orc wizard. The orc wizard hits you with a dagger.
The orc wizard hits you but does no damage.
You completely miss the orc wizard.
The orc wizard is no longer moving quickly.
The orc wizard hits you but does no damage.
The orc wizard hits you with a dagger.
You hit the orc wizard.
The orc wizard is lightly wounded.
The orc wizard hits you but does no damage.
The orc hits you from afar with a trident.
You hit the orc wizard.
The orc wizard is moderately wounded.
The orc wizard misses you.
The orc hits you from afar with a trident.
* * * LOW HITPOINT WARNING * * *
You hit the orc wizard.
The orc wizard is heavily wounded.
The orc wizard completely misses you. The orc closely misses you.
Your ring mail prevents you from hitting the orc wizard.
The orc wizard is heavily wounded.
The orc wizard hits you but does no damage.
The orc hits you but does no damage. The orc wizard casts a spell at you.
You feel yourself slow down.
You hit the orc wizard.
The orc wizard is severely wounded.
The orc hits you from afar with a trident!
* * * LOW HITPOINT WARNING * * *
The orc wizard casts a spell.
The orc wizard seems to speed up.
You hit the orc wizard.
You kill the orc wizard!
Lugonu accepts your kill.
Your Armour skill increases to level 3!
Your Stealth skill increases to level 1!
The orc closely misses you.
The orc hits you from afar with a trident.
You die...

Action                   |  1- 3 |  4- 6 || total
-------------------------+-------+-------++-------
Melee: Hand axe          |   116 |    29 ||   145
Invok: Depart the Abyss  |     1 |       ||     1
  Use: Scroll            |     3 |       ||     3
  Eat: Bread ration      |     1 |       ||     1
       Chunk             |     1 |       ||     1

Vault maps used:
D:1:      dpeg_arrival_brainrot, roderic_lattice_a
D:2:      uniq_sigmund
D:3:      serial_undead, serial_undead_e, serial_undead_a, serial_undead_a,
          serial_undead_f
D:4:      serial_shops, nicolae_shop_crystal, minmay_liquid_box

Notes
Turn   | Place    | Note
--------------------------------------------------------------
     0 | Abyss:1  | Antunes, the Hill Orc Abyssal Knight, began the quest for the Orb.
     0 | Abyss:1  | Reached XP level 1. HP: 19/19 MP: 1/1
   108 | Abyss:1  | Noticed a large abomination
   112 | D:1      | Escaped the Abyss
   353 | D:1      | Acquired Lugonu's first power
   519 | D:1      | Reached XP level 2. HP: 24/27 MP: 2/2
   794 | D:1      | Reached skill level 1 in Dodging
  1058 | D:1      | Reached XP level 3. HP: 31/33 MP: 4/4
  1764 | D:2      | Acquired Lugonu's second power
  1868 | D:3      | Reached skill level 4 in Fighting
  1904 | D:3      | Reached skill level 3 in Invocations
  1988 | D:3      | Reached XP level 4. HP: 40/40 MP: 6/6
  2028 | D:3      | Reached skill level 3 in Axes
  2070 | D:3      | Reached skill level 1 in Throwing
  2087 | D:2      | Noticed an ogre
  2292 | D:3      | HP: 10/40 [orc/trident (5)]
  2295 | D:3      | HP: 1/40 [orc/trident (10)]
  2296 | D:3      | Reached skill level 3 in Armour
  2296 | D:3      | Reached skill level 1 in Stealth
  2296 | D:3      | Slain by an orc

Vanquished Creatures
  An orc wizard (D:3)
  2 adders (D:3 D:2)
  A giant mite (D:3)
  2 adder zombies (D:3)
  An orc (D:3)
  4 bats (D:1 D:3)
  A bat skeleton (D:3)
  A giant cockroach (D:3)
  4 goblins (D:1 D:2 D:3)
  5 hobgoblins (D:1 D:3)
  8 jackals (D:1 D:3)
  A giant gecko (D:1)
  2 giant newts (D:1 D:2)
  8 kobolds (D:1 D:2 D:3)
  7 rats (D:1 D:2 D:3)
48 creatures vanquished.

Vault maps used:
D:1:      dpeg_arrival_brainrot, roderic_lattice_a
D:2:      uniq_sigmund
D:3:      serial_undead, serial_undead_e, serial_undead_a, serial_undead_a,
          serial_undead_f
D:4:      serial_shops, nicolae_shop_crystal, minmay_liquid_box

Table legend:
 A = Turns spent in this place as a percentage of turns spent in the entire game.
 B = Non-inter-level travel turns spent in this place as a percentage of non-inter-level travel turns spent in the entire game.
 C = Inter-level travel turns spent in this place as a percentage of turns spent in this place.
 D = Turns resting spent in this place as a percentage of non-inter-level travel turns spent in this place.
 E = Turns spent auto-exploring this place as a percentage of non-inter-level travel turns spent in this place.
 F = Non-inter-level travel turns spent in this place divided by the number of levels of this place that you've seen.
                   A       B       C       D       E      F
               +-------+-------+-------+-------+-------+----------------------
         Total | 100.0 | 100.0 |   0.1 |   2.0 |   7.0 | 142.6
       Dungeon |  98.3 |  98.3 |   0.1 |   2.0 |   6.4 | 175.2
         Abyss |   1.7 |   1.7 |   0.0 |   0.0 |  41.7 |  12.0
               +-------+-------+-------+-------+-------+----------------------

Table legend:
 A = Kills in this place as a percentage of kills in entire the game.
 B = Kills by you in this place as a percentage of kills by you in the entire game.
 C = Kills by friends in this place as a percentage of kills by friends in the entire game.
 D = Other kills in this place as a percentage of other kills in the entire game.
 E = Experience gained in this place as a percentage of experience gained in the entire game.
 F = Experience gained in this place divided by the number of levels of this place that you have seen.
                   A       B       C       D       E      F
               +-------+-------+-------+-------+-------+----------------------
         Total | 100.0 | 100.0 |  -nan |  -nan | 100.0 |  30.6
       Dungeon | 100.0 | 100.0 |  -nan |  -nan | 100.0 |  38.2
               +-------+-------+-------+-------+-------+----------------------
